PAAA
TORTOLITA DRUMMERS @ CALGARY LYNX
09/16/2023
 
TOP OF THE 1ST
Tortolita Drummers batting - Pitching for Calgary Lynx : RHP César Arellano
Pitching: RHP César Arellano
Batting: SHB Will Brock 0-0: DOUBLE (Flyball, 89D)
Batting: RHB Harrison Blackford 0-0: Fly out, F8 (Line Drive, 8LM)
Runner from 2nd tags up, SAFE at 3rd with throw
Batting: RHB Clint Anthony 0-0: Foul Ball, location: 2F
0-1: Ground out 6-3 (Groundball, 6M)
Will Brock scores
Batting: LHB Keith Spear 0-0: Ball
1-0: Ball
2-0: SOLO HOME RUN (Line Drive, 7LS), Distance : 365 ft
Batting: SHB Dan Godwin 0-0: Ball
1-0: Ground out 4-3 (Groundball, 4)
Top of the 1st over - 2 run(s), 2 hit(s), 0 error(s), 0 left on base; Tortolita 2 - Calgary 0
BOTTOM OF THE 1ST
Calgary Lynx batting - Pitching for Tortolita Drummers : LHP Jeremy Petty
Pitching: LHP Jeremy Petty
Batting: RHB Emílio Ortíz 0-0: Foul Ball, location: 2F
0-1: Ball
1-1: Called Strike
1-2: Fly out, F4 (Flyball, 8RS)
Batting: RHB David Ramírez 0-0: Called Strike
0-1: Ball
1-1: Ball
2-1: Swinging Strike
2-2: Foul Ball, location: 2F
2-2: Fly out, F9 (Flyball, 89M)
Batting: RHB Jesús Martínez 0-0: Called Strike
0-1: SINGLE (Flyball, 8LS) - OUT at second base trying to stretch hit.
Bottom of the 1st over - 0 run(s), 1 hit(s), 0 error(s), 0 left on base; Tortolita 2 - Calgary 0
TOP OF THE 2ND
Tortolita Drummers batting - Pitching for Calgary Lynx : RHP César Arellano
Batting: LHB Evan Nelson 0-0: Fly out, F7 (Flyball, 78M)
Batting: RHB Jim Harris 0-0: Called Strike
0-1: Fly out, F9 (Flyball, 9S)
Batting: LHB Raúl Andrade 0-0: Ball
1-0: Fly out, F9 (Flyball, 9M)
Top of the 2nd over - 0 run(s), 0 hit(s), 0 error(s), 0 left on base; Tortolita 2 - Calgary 0
BOTTOM OF THE 2ND
Calgary Lynx batting - Pitching for Tortolita Drummers : LHP Jeremy Petty
Batting: RHB Jian-zhang Phan 0-0: Ball
1-0: Foul Ball, location: 2F
1-1: SINGLE (Groundball, 6MD)
Batting: LHB Juan Valdéz 0-0: Swinging Strike
0-1: Ball
1-1: Ball
2-1: Swinging Strike
2-2: Ball
3-2: Foul Ball, location: 2F
3-2: Foul Ball, location: 2F
3-2: Foul Ball, location: 2F
3-2: Fly out, F8 (Flyball, 89D)
Batting: LHB Rufo Flores 0-0: Ball
1-0: Ball
2-0: SINGLE (Groundball, 6MD)
Jian-zhang Phan to second
Batting: RHB Roberto Machado 0-0: Ball
1-0: Ball
2-0: Called Strike
2-1: SINGLE (Line Drive, 56D)
Jian-zhang Phan to third
Rufo Flores to second
Batting: RHB Harris Harden 0-0: Called Strike
0-1: Ball
1-1: Ball
2-1: Ball
3-1: Called Strike
3-2: Base on Balls
Jian-zhang Phan scores
Rufo Flores to third
Roberto Machado to second
Batting: SHB Todd Schenkel 0-0: Ball
Wild Pitch!
Rufo Flores scores
Roberto Machado to third
Harris Harden to second
1-0: Called Strike
1-1: Ball
2-1: Ground out 6-3 (Groundball, 6D)
Roberto Machado scores
Batting: RHB Emílio Ortíz 0-0: Ball
1-0: Ground out 5-3 (Groundball, 5S)
Bottom of the 2nd over - 3 run(s), 3 hit(s), 0 error(s), 1 left on base; Tortolita 2 - Calgary 3
TOP OF THE 3RD
Tortolita Drummers batting - Pitching for Calgary Lynx : RHP César Arellano
Batting: LHB Gonzalo Féliz 0-0: Ball
1-0: Called Strike
1-1: Ball
2-1: Ground out 6-3 (Groundball, 6M)
Batting: SHB Will Brock 0-0: Ball
1-0: Foul Ball, location: 2F
1-1: DOUBLE (Groundball, 3L)
Batting: RHB Harrison Blackford 0-0: Ground out 1-3 (Groundball, 25)
Batting: RHB Clint Anthony 0-0: Foul Ball, location: 2F
0-1: Ball
1-1: SINGLE (Groundball, 34D)
Will Brock to third
Runner from 3rd tries for Home, SAFE, no throw or cutoff
Batting: LHB Keith Spear 0-0: Called Strike
0-1: Ground out U3 (Groundball, 3L)
Top of the 3rd over - 1 run(s), 2 hit(s), 0 error(s), 1 left on base; Tortolita 3 - Calgary 3
BOTTOM OF THE 3RD
Calgary Lynx batting - Pitching for Tortolita Drummers : LHP Jeremy Petty
Batting: RHB David Ramírez 0-0: Called Strike
0-1: Foul Ball, location: 2F
0-2: Ball
1-2: Ball
2-2: Ball
3-2: Foul Ball, location: 2F
3-2: Foul Ball, location: 2F
3-2: SINGLE (Groundball, 4M)
Batting: RHB Jesús Martínez 0-0: Foul Ball, location: 2F
0-1: SINGLE (Groundball, 6MD)
David Ramírez to second
Runner from 2nd tries for 3rd, SAFE, throw made to third
Batting: RHB Jian-zhang Phan 0-0: Called Strike
0-1: Ball
1-1: SINGLE (Flyball, 9LS)
David Ramírez scores
Jesús Martínez to second
Batting: LHB Juan Valdéz 0-0: Ball
1-0: Ground out 5-3 (Groundball, 5S)
Jesús Martínez to third
Jian-zhang Phan to second
Batting: LHB Rufo Flores 0-0: Foul Ball, location: 2F
0-1: Foul Ball, location: 2F
0-2: Ball
1-2: SINGLE (Line Drive, 6MD)
Jesús Martínez scores
Jian-zhang Phan to third
Runner from 3rd tries for Home, SAFE, throw made home
Batting: RHB Roberto Machado 0-0: Called Strike
0-1: Fly out, F6 (Line Drive, 6)
Batting: RHB Harris Harden 0-0: Foul Ball, location: 2F
0-1: Ground out 5-3 (Groundball, 56S)
Bottom of the 3rd over - 3 run(s), 4 hit(s), 0 error(s), 1 left on base; Tortolita 3 - Calgary 6
TOP OF THE 4TH
Tortolita Drummers batting - Pitching for Calgary Lynx : RHP César Arellano
Batting: SHB Dan Godwin 0-0: Ball
1-0: Fly out, F4 (Popup, 34)
Batting: LHB Evan Nelson 0-0: Ball
1-0: DOUBLE (Flyball, 89XD)
Batting: RHB Jim Harris 0-0: Ball
1-0: Ball
Evan Nelson is caught stealing 3rd base
2-0: Called Strike
2-1: Ball
3-1: Foul Ball, location: 2F
3-2: Strikes out swinging
Top of the 4th over - 0 run(s), 1 hit(s), 0 error(s), 0 left on base; Tortolita 3 - Calgary 6
BOTTOM OF THE 4TH
Calgary Lynx batting - Pitching for Tortolita Drummers : LHP Jeremy Petty
Pitching: RHP Luis Gonzáles
Batting: SHB Todd Schenkel 0-0: Called Strike
0-1: Ball
1-1: Ball
2-1: Foul Ball, location: 2F
2-2: Fly out, F7 (Popup, 7LSF)
Batting: RHB Emílio Ortíz 0-0: Ball
1-0: Called Strike
1-1: Called Strike
1-2: Strikes out swinging
Batting: RHB David Ramírez 0-0: Ball
1-0: Ball
2-0: Swinging Strike
2-1: Ball
3-1: Reached on error, E2 (Groundball, 25)
Batting: RHB Jesús Martínez 0-0: Ball
1-0: Ball
2-0: Called Strike
2-1: Fly out, F7 (Flyball, 8LM)
Bottom of the 4th over - 0 run(s), 0 hit(s), 1 error(s), 1 left on base; Tortolita 3 - Calgary 6
TOP OF THE 5TH
Tortolita Drummers batting - Pitching for Calgary Lynx : RHP César Arellano
Batting: LHB Raúl Andrade 0-0: Ground out 4-3 (Groundball, 4)
Batting: LHB Gonzalo Féliz 0-0: Swinging Strike
0-1: Ball
1-1: Ball
2-1: Ball
3-1: Base on Balls
Batting: SHB Will Brock 0-0: Ball
1-0: Called Strike
1-1: Ball
2-1: Fielders Choice at 2nd, 4-6 (Groundball, 34)
Now at SS: John Huff
Batting: RHB Harrison Blackford 0-0: Ball
1-0: Swinging Strike
1-1: Ball
2-1: Ground out 5-3 (Groundball, 15S)
Top of the 5th over - 0 run(s), 0 hit(s), 0 error(s), 1 left on base; Tortolita 3 - Calgary 6
BOTTOM OF THE 5TH
Calgary Lynx batting - Pitching for Tortolita Drummers : RHP Luis Gonzáles
Batting: RHB Jian-zhang Phan 0-0: Ball
1-0: Foul Ball, location: 2F
1-1: Swinging Strike
1-2: Ball
2-2: Ball
3-2: Foul Ball, location: 2F
3-2: Base on Balls
Batting: LHB Juan Valdéz 0-0: Called Strike
0-1: Ball
1-1: Fielders Choice at 2nd, 4-6 (Groundball, 4)
Batting: LHB Rufo Flores 0-0: Ball
1-0: Ball
2-0: Foul Ball, location: 2F
2-1: Called Strike
2-2: SINGLE (Line Drive, 9S)
Juan Valdéz to second
Batting: RHB Roberto Machado 0-0: Ball
1-0: Fly out, F8 (Flyball, 8LM)
Batting: RHB John Huff 0-0: Ball
1-0: Ball
2-0: Ball
3-0: Called Strike
3-1: Called Strike
3-2: Base on Balls
Juan Valdéz to third
Rufo Flores to second
Pitching: LHP Ricardo Ávila
Batting: SHB Todd Schenkel 0-0: Called Strike
0-1: Ball
1-1: Swinging Strike
1-2: Foul Ball, location: 2F
1-2: Ball
2-2: Foul Ball, location: 2F
2-2: Ball
3-2: Base on Balls
Juan Valdéz scores
Rufo Flores to third
John Huff to second
Batting: RHB Emílio Ortíz 0-0: Foul Ball, location: 2F
0-1: Ball
1-1: Fly out, F7 (Flyball, 8LS)
Bottom of the 5th over - 1 run(s), 1 hit(s), 0 error(s), 3 left on base; Tortolita 3 - Calgary 7
TOP OF THE 6TH
Tortolita Drummers batting - Pitching for Calgary Lynx : RHP César Arellano
Batting: RHB Clint Anthony 0-0: Ball
1-0: Ground out 6-3 (Groundball, 56)
Batting: LHB Keith Spear 0-0: Ground out 4-3 (Groundball, 4)
Batting: SHB Dan Godwin 0-0: Ground out U3 (Groundball, 3)
Top of the 6th over - 0 run(s), 0 hit(s), 0 error(s), 0 left on base; Tortolita 3 - Calgary 7
BOTTOM OF THE 6TH
Calgary Lynx batting - Pitching for Tortolita Drummers : LHP Ricardo Ávila
Batting: RHB David Ramírez 0-0: Ball
1-0: Called Strike
1-1: Ball
2-1: Swinging Strike
2-2: Strikes out swinging
Batting: RHB Jesús Martínez 0-0: Ball
1-0: Ball
2-0: Swinging Strike
2-1: Foul Ball, location: 2F
2-2: Ball
3-2: Strikes out looking
Batting: RHB Jian-zhang Phan 0-0: Foul Ball, location: 2F
0-1: SOLO HOME RUN (Line Drive, 78XD), Distance : 416 ft
Batting: LHB Juan Valdéz 0-0: Swinging Strike
0-1: Foul Ball, location: 2F
0-2: Ball
1-2: Ball
2-2: Foul Ball, location: 2F
2-2: Ball
3-2: Ground out 6-3 (Groundball, 6)
Bottom of the 6th over - 1 run(s), 1 hit(s), 0 error(s), 0 left on base; Tortolita 3 - Calgary 8
TOP OF THE 7TH
Tortolita Drummers batting - Pitching for Calgary Lynx : RHP César Arellano
Batting: LHB Evan Nelson 0-0: Ball
1-0: Ball
2-0: Ball
3-0: Base on Balls
Batting: RHB Jim Harris 0-0: Foul Ball, location: 2F
0-1: Foul Ball, location: 2F
0-2: Foul Ball, location: 2F
0-2: Fielders Choice at 2nd, 1-6 (Groundball, 25)
Batting: LHB Raúl Andrade 0-0: Foul Ball, location: 2F
0-1: Called Strike
0-2: Ball
1-2: Fly out, F7 (Line Drive, 78S)
1-2: Fly out, F7 (Line Drive, 78S)
Batting: LHB Gonzalo Féliz 0-0: Foul Ball, location: 2F
0-1: DOUBLE (Line Drive, 3L)
Jim Harris to third
Batting: SHB Will Brock 0-0: Foul Ball, location: 2F
0-1: Ball
1-1: Swinging Strike
1-2: Ball
2-2: Ball
3-2: Base on Balls
Batting: RHB Harrison Blackford 0-0: Fly out, F6 (Popup, 78S)
Top of the 7th over - 0 run(s), 1 hit(s), 0 error(s), 3 left on base; Tortolita 3 - Calgary 8
BOTTOM OF THE 7TH
Calgary Lynx batting - Pitching for Tortolita Drummers : LHP Ricardo Ávila
Pitching: RHP Curt Pennington
Batting: LHB Rufo Flores 0-0: Called Strike
0-1: Ball
1-1: Ball
2-1: Fly out, F6 (Popup, 6MD)
Batting: RHB Roberto Machado 0-0: Foul Ball, location: 2F
0-1: Swinging Strike
0-2: Strikes out swinging
Batting: RHB John Huff 0-0: Ground out 5-3 (Groundball, 5S)
Bottom of the 7th over - 0 run(s), 0 hit(s), 0 error(s), 0 left on base; Tortolita 3 - Calgary 8
TOP OF THE 8TH
Tortolita Drummers batting - Pitching for Calgary Lynx : RHP César Arellano
Batting: RHB Clint Anthony 0-0: Called Strike
0-1: Foul Ball, location: 2F
0-2: Strikes out swinging
Batting: LHB Keith Spear 0-0: Swinging Strike
0-1: Ball
1-1: Swinging Strike
1-2: Ground out 2-3 (Groundball, 2L)
Batting: SHB Dan Godwin 0-0: Foul Ball, location: 2F
0-1: Ball
1-1: Ball
2-1: Swinging Strike
2-2: Foul Ball, location: 2F
2-2: Ground out U3 (Groundball, 3L)
Top of the 8th over - 0 run(s), 0 hit(s), 0 error(s), 0 left on base; Tortolita 3 - Calgary 8
BOTTOM OF THE 8TH
Calgary Lynx batting - Pitching for Tortolita Drummers : RHP Curt Pennington
Batting: SHB Todd Schenkel 0-0: Foul Ball, location: 2F
0-1: Called Strike
0-2: Foul Ball, location: 2F
0-2: Ball
1-2: Ball
2-2: Foul Ball, location: 2F
2-2: Foul Ball, location: 2F
2-2: Fly out, F9 (Line Drive, 9M)
Batting: RHB Emílio Ortíz 0-0: Ball
1-0: Foul Ball, location: 2F
1-1: Foul Ball, location: 2F
1-2: Foul Ball, location: 2F
1-2: Ball
2-2: Ground out U3 (Groundball, 3S)
Batting: RHB David Ramírez 0-0: Called Strike
0-1: Foul Ball, location: 2F
0-2: Ball
1-2: Ball
2-2: Foul Ball, location: 2F
2-2: Ball
3-2: Foul Ball, location: 2F
3-2: Fly out, F7 (Line Drive, 7LM)
Bottom of the 8th over - 0 run(s), 0 hit(s), 0 error(s), 0 left on base; Tortolita 3 - Calgary 8
TOP OF THE 9TH
Tortolita Drummers batting - Pitching for Calgary Lynx : RHP César Arellano
Pitching: RHP Jim Unknown
Batting: LHB Evan Nelson 0-0: Ball
1-0: Called Strike
1-1: Ground out 6-3 (Groundball, 6M)
Batting: RHB Jim Harris 0-0: Ball
1-0: Fly out, F8 (Flyball, 8RS)
Batting: LHB Raúl Andrade 0-0: Ball
1-0: Foul Ball, location: 2F
1-1: Swinging Strike
1-2: Strikes out looking
Top of the 9th over - 0 run(s), 0 hit(s), 0 error(s), 0 left on base; Tortolita 3 - Calgary 8
This league is powered by Out of the Park Baseball, the baseball management simulation game for PC, Mac and Linux
Friday, July 8th, 2016 - OOTP Baseball 16.9 Build 39